Map: Dusk Towers

Players

McLovin - Winner!

  • Race: Terran Terran
  • League: Platinum

SticklerMac

  • Race: Zerg Zerg
  • League: Platinum

VOD

Have the link to the VOD?

Description

Time

  • Played on: Nov. 14, 2015, 5:47 p.m.
  • Length: 23:40
Show
View Real Time Build Order
Export as new Build Order

McLovin Terran - Winner!

Build Orders: Command Center First (CC), Mech 

Get SALT Encoding   

  12  0:02  SCV  
  13  0:14  SCV  
  14  0:26  SCV  
  15  0:50  Command Center  
  15  0:54  Supply Depot  
  15  1:01  Refinery  
  15  1:17  Barracks  
  15  1:18  SCV  
  16  1:31  SCV  
  17  1:43  SCV  
  18  2:04  Orbital Command x2  
  18  2:08  Factory  
  18  2:17  Refinery  
  18  2:26  Barracks Reactor  
  18  2:30  SCV x2  
  20  2:42  SCV x2  
  20  2:43  Supply Depot  
  22  2:54  SCV  
  22  2:55  SCV, Starport  
  24  3:07  SCV x2  
  24  3:12  Hellion x2  
  30  3:19  SCV x2, Factory  
  32  3:26  Refinery  
  32  3:31  SCV x2  
  32  3:32  Viking  
  36  3:39  Supply Depot  
  36  3:43  SCV x2  
  38  3:50  Hellion x2  
  42  3:58  SCV x2  
  42  4:02  Supply Depot  
  44  4:07  Factory Tech Lab  
  44  4:10  Factory, Starport Reactor  
  44  4:12  SCV x2  
  46  4:26  Supply Depot, Armory  
  46  4:27  SCV x2  
  46  4:31  Infernal Pre-Igniter  
  48  4:32  Refinery  
  48  4:36  Hellion x2  
  52  4:40  SCV x2  
  54  4:50  Siege Tank  
  54  4:52  SCV x2  
  59  4:54  Factory Tech Lab  
  59  4:57  Supply Depot  
  59  5:02  Factory  
  59  5:09  SCV x2  
  61  5:21  Hellion x3  
  67  5:35  Terran Vehicle Weapons Level 1  
  67  5:36  Armory  
  67  5:39  SCV x2  
  69  5:42  Supply Depot  
  69  5:53  Factory Tech Lab  
  70  5:57  SCV x2  
  70  5:59  Engineering Bay  
  70  6:03  Viking x2  
  75  6:05  Supply Depot  
  75  6:07  Thor  
  79  6:30  Siege Tank  
  79  6:31  Hellion x2, Siege Tank  
  85  6:54  Siege Tank  
  85  6:55  SCV x2, Hellion x2  
  85  7:01  Terran Vehicle And Ship Armor Level 1  
  94  7:04  Command Center, Supply Depot  
  86  7:23  Hellion, Siege Tank x2  
  86  7:24  Hellion  
  92  7:33  Supply Depot  
  92  7:46  Missile Turret  
  92  7:47  Missile Turret  
  92  7:52  Missile Turret  
  92  7:55  Missile Turret  
  92  7:56  Supply Depot, Hellion x2  
  92  7:57  Hellion x3  
  102  8:09  Missile Turret  
  93  8:13  Missile Turret  
  93  8:18  Thor x2  
  93  8:19  Hellbat  
  94  8:39  Thor  
  76  9:14  Thor x2  
  80  9:23  Hellion  
  80  9:24  Supply Depot  
  80  9:27  Supply Depot  
  71  9:44  Hellion  
  53  9:57  Viking x2  
  53  9:58  Hellion x2  
  58  10:00  SCV  
  58  10:05  Hellion  
  60  10:12  SCV  
  61  10:16  SCV  
  61  10:19  Hellion  
  64  10:24  SCV, Thor  
  64  10:28  SCV  
  72  10:35  Terran Vehicle Weapons Level 2  
  72  10:36  SCV, Terran Vehicle And Ship Armor Level 2  
  72  10:40  SCV  
  74  10:48  SCV  
  74  10:49  Thor  
  75  10:54  Thor  
  87  11:00  SCV  
  87  11:04  Viking x2  
  92  11:21  Thor  
  92  11:22  Supply Depot  
  94  11:45  Supply Depot  
  81  11:50  Thor  
  81  11:52  Hellion  
  88  12:04  Hellion  
  90  12:15  Thor  
  96  12:20  Planetary Fortress  
  96  12:36  Missile Turret  
  96  12:46  Factory Tech Lab  
  96  12:59  Missile Turret  
  96  13:00  SCV, Missile Turret  
  97  13:05  Refinery  
  97  13:11  Supply Depot  
  97  13:20  Refinery, Missile Turret  
  97  13:31  Viking x2  
  101  13:45  Siege Tank x2  
  101  13:46  Siege Tank  
  110  13:51  Supply Depot  
  110  14:04  Viking  
  110  14:05  Viking  
  114  14:15  Supply Depot  
  114  14:28  Siege Tank x2  
  120  14:46  Siege Tank  
  123  14:55  Supply Depot  
  123  14:56  Viking x2  
  127  15:02  Terran Vehicle Weapons Level 3  
  127  15:09  Siege Tank  
  130  15:15  Siege Tank  
  133  15:23  Supply Depot  
  133  15:28  Siege Tank  
  136  15:39  Terran Vehicle And Ship Armor Level 3  
  136  15:49  Supply Depot  
  136  15:58  Medivac  
  136  16:02  Siege Tank  
  141  16:05  Orbital Command  
  141  16:11  Viking  
  143  16:16  Supply Depot  
  143  16:28  Viking  
  143  16:30  SCV  
  146  16:43  Supply Depot  
  146  16:44  Viking  
  148  16:50  Siege Tank  
  148  16:51  Siege Tank  
  148  16:52  Siege Tank  
  157  16:59  Missile Turret  
  157  17:00  Missile Turret  
  157  17:06  Missile Turret  
  157  17:08  Missile Turret  
  157  17:09  Refinery x2  
  157  17:11  Missile Turret  
  157  17:16  Missile Turret  
  157  17:29  Siege Tank x3  
  166  17:34  Viking x2  
  170  18:17  Thor x2  
  170  18:19  Thor  
  188  18:36  Viking x2  
  192  18:53  Terran Ship Weapons Level 1  
  192  19:01  Starport  
  189  19:46  Siege Tank x2  
  189  19:47  Orbital Command  
  189  19:48  Siege Tank  
  198  20:28  Starport Reactor  
  198  20:30  Starport  
  198  20:35  Orbital Command  
  198  20:40  Supply Depot  
  198  20:46  Terran Ship Weapons Level 2  
  198  20:51  Factory  
  198  20:52  Factory  
  198  21:00  Hi-Sec Auto Tracking  
  198  21:07  Starport Reactor  
  198  21:10  Starport  
  195  21:38  Factory  
  184  21:54  Viking x5  
  178  21:55  Viking  
  178  21:57  Viking, Building Armor  
  178  22:01  SCV  
  191  22:06  Missile Turret  
  191  22:09  Missile Turret  
  191  22:13  SCV  
  192  22:25  SCV  
  192  22:28  Missile Turret  
  193  22:30  Refinery  
  193  22:32  Refinery  
  193  22:33  Missile Turret  
  193  22:35  Viking  
  193  22:36  Viking x2, Missile Turret  
  199  22:37  SCV  
  200  22:50  Factory Tech Lab x2  
  200  22:51  Factory Tech Lab  
  200  22:55  Missile Turret  
  200  22:58  Missile Turret  
  200  23:17  Missile Turret  
  200  23:19  Command Center  
Show
View Real Time Build Order
Export as new Build Order

SticklerMac Zerg 

Build Orders: Hatch First 

Get SALT Encoding   

  12  0:01  Drone  
  13  0:12  Overlord  
  13  0:17  Drone  
  14  0:30  Drone x2  
  14  0:35  Drone  
  17  0:54  Hatchery  
  16  1:00  Drone x2  
  18  1:04  Extractor  
  18  1:08  Drone  
  18  1:20  Spawning Pool  
  18  1:22  Drone  
  18  1:28  Drone  
  19  1:39  Drone  
  20  1:50  Overlord  
  20  2:01  Overlord  
  20  2:07  Metabolic Boost  
  20  2:10  Queen  
  20  2:11  Queen  
  20  2:13  Zergling x2  
  20  2:15  Zergling x2  
  26  2:18  Zergling x2  
  27  2:23  Drone  
  27  2:28  Baneling Nest  
  27  2:31  Drone  
  27  2:34  Drone  
  29  2:38  Drone  
  30  2:48  Zergling x2  
  31  2:51  Drone  
  32  3:03  Zergling x4  
  34  3:07  Drone  
  34  3:12  Drone  
  36  3:15  Drone, Extractor  
  36  3:24  Drone  
  36  3:25  Drone  
  36  3:26  Drone x2  
  40  3:31  Hatchery, Drone  
  40  3:32  Drone  
  41  3:35  Drone  
  42  3:48  Drone x2  
  44  3:56  Overlord x2  
  44  4:09  Overlord x2  
  44  4:19  Zergling x6  
  44  4:20  Zergling x4  
  44  4:21  Zergling x2  
  50  4:31  Zergling x4  
  52  4:38  Drone  
  52  4:39  Drone x5  
  52  4:45  Lair  
  58  4:46  Queen  
  58  4:50  Queen  
  62  4:53  Drone  
  62  4:54  Drone  
  62  4:56  Hatchery  
  63  5:16  Overlord x3  
  63  5:32  Overlord x3  
  63  5:41  Extractor  
  62  5:43  Extractor  
  62  5:45  Drone x4, Spire  
  62  5:46  Drone x4  
  62  5:48  Drone  
  69  5:50  Drone  
  71  6:11  Drone x3  
  71  6:12  Drone x5, Extractor x2  
  68  6:19  Zergling x4  
  68  6:20  Zergling x4  
  72  6:29  Zergling x8  
  72  6:30  Zergling x2  
  61  6:54  Queen x3  
  61  6:58  Zergling x12  
  61  6:59  Mutalisk x9  
  90  7:11  Zergling x2  
  90  7:12  Zergling x12  
  93  7:16  Mutalisk x2  
  93  7:21  Mutalisk  
  93  7:22  Mutalisk  
  98  7:24  Mutalisk  
  100  7:36  Mutalisk x2  
  104  7:41  Overlord x3  
  100  8:07  Mutalisk x3  
  88  8:25  Mutalisk x2  
  92  8:32  Zergling x6  
  92  8:33  Zergling x30  
  103  9:00  Mutalisk x4  
  103  9:01  Zergling x2  
  103  9:02  Zergling x12  
  113  9:09  Mutalisk  
  109  9:10  Zergling x6  
  110  9:17  Mutalisk  
  110  9:18  Zergling x4  
  109  9:33  Zergling x6  
  109  9:34  Zergling x4  
  105  9:42  Zergling x8  
  90  9:56  Mutalisk x4  
  90  9:57  Zergling x4  
  86  10:08  Zergling x2  
  86  10:09  Zergling x22  
  95  10:19  Mutalisk x3  
  95  10:20  Zergling x6  
  104  10:36  Drone x2  
  104  10:37  Drone x4  
  110  10:48  Mutalisk x3  
  110  10:49  Zergling x6  
  119  10:53  Baneling  
  119  10:54  Baneling x2  
  119  11:10  Baneling  
  119  11:11  Baneling x8  
  119  11:12  Zergling x2  
  119  11:13  Zergling x16  
  80  11:51  Zergling x6  
  80  11:52  Zergling x40  
  93  12:06  Mutalisk x5  
  102  12:10  Zergling x2  
  102  12:12  Overlord x4  
  104  12:37  Drone x5  
  104  12:38  Drone x7  
  104  12:43  Extractor  
  114  12:45  Extractor  
  113  13:04  Drone x2  
  115  13:14  Hydralisk Den  
  114  13:32  Overlord x4  
  114  13:33  Overlord  
  114  13:56  Hydralisk x13  
  114  13:57  Hydralisk x6  
  152  14:03  Muscular Augments  
  152  14:04  Hydralisk  
  154  14:16  Hydralisk  
  154  14:17  Hydralisk x6  
  154  14:18  Hydralisk  
  170  14:30  Hydralisk x3  
  176  14:34  Overlord x3  
  176  14:36  Overlord  
  176  14:49  Overlord x3  
  176  14:56  Hydralisk x2  
  176  14:57  Hydralisk x4  
  188  15:00  Hydralisk  
  190  15:11  Hydralisk  
  190  15:12  Hydralisk x3  
  198  15:17  Overseer  
  198  15:18  Overseer  
  198  15:30  Hydralisk  
  200  16:10  Hatchery  
  183  16:40  Hydralisk x7  
  183  16:41  Hydralisk  
  183  16:44  Nydus Network  
  198  17:01  Pneumatized Carapace  
  198  17:18  Hydralisk  
  200  17:40  Nydus Canal  
  200  18:32  Evolution Chamber  
  200  18:33  Evolution Chamber  
  198  18:35  Evolution Chamber  
  198  18:37  Mutalisk  
  137  19:55  Mutalisk x2  
  137  19:56  Mutalisk x29  
  199  20:41  Spore Crawler, Queen  
  200  20:48  Zerg Missile Weapons Level 1  
  200  20:49  Zerg Ground Armor Level 1  
  198  21:15  Hatchery  
  136  21:19  Mutalisk x4  
  136  21:20  Mutalisk x16  
  110  21:55  Mutalisk x3  
  110  21:56  Zergling x2  
  110  21:57  Zergling x36  
  110  21:58  Zergling x60  
  165  22:19  Mutalisk x3  
  171  22:25  Extractor  
  171  22:27  Extractor  
  169  22:49  Mutalisk x3  
  169  22:51  Zergling x20  
  176  22:52  Zergling x30  
Tags
 
Add a new tag
Caveats
  • Supply blocks, unpowered buildings, or Contaminate may cause inaccurate times.
  • Supply counts are checked every 10 seconds.